 Dungeon Crawl Stone Soup version 0.24-a0-115-gd155597 (console) character file.

Game seed: 5740329692300308164

357 Duffy the Chopper (level 6, 0/52 HPs)
             Began as a Naga Gladiator on Feb 17, 2019.
             Slain by a bullfrog (3 damage)
             ... in a sewer.
             The game lasted 00:02:36 (2063 turns).

Duffy the Chopper (Naga Gladiator)                  Turns: 2063, Time: 00:02:37

Health: 0/52       AC:  4    Str: 16    XL:     6   Next: 64%
Magic:  6/6        EV: 10    Int: 11    God:
Gold:   19         SH:  0    Dex: 12    Spells: 5/5 levels left

rFire    . . .     SeeInvis +   a - +0 war axe
rCold    . . .     Gourm    .   (no shield)
rNeg     . . .     Faith    .   b - +0 leather armour
rPois    +         Spirit   .   c - +0 helmet
rElec    .         Reflect  .   (no cloak)
rCorr    .         Harm     .   (no gloves)
MR       .....                  (no barding)
Stlth    +.........             (no amulet)
HPRegen  0.17/turn              (no ring)
MPRegen  0.10/turn              (no ring)

@: very slow
A: large, see invisible, deformed body, poison resistance, slowness 2, slow
metabolism 1, spit poison 1, AC +2
a: Spit Poison


You were in a sewer.
You were hungry.

You visited 1 branch of the dungeon, and saw 3 of its levels.
You also visited: Sewer.

You collected 19 gold pieces.

Inventory:

Hand Weapons
 a - a +0 war axe (weapon)
 m - a +0 blowgun
Missiles
 d - 3 throwing nets (quivered)
Armour
 b - a +0 leather armour (worn)
 c - a +0 helmet (worn)
Scrolls
 e - a scroll of identify {unknown}
 i - a scroll of enchant weapon {unknown}
 p - a scroll of fear {unknown}
 q - 2 scrolls of teleportation {unknown}
 r - a scroll of fog {unknown}
Potions
 g - a potion of degeneration {unknown}
 h - 2 potions of curing {unknown}
 j - 2 potions of haste {unknown}
 l - a potion of brilliance {unknown}
 n - 2 potions of cancellation {unknown}
 o - a potion of flight {unknown}
 s - 2 potions of magic {unknown}
 t - 2 potions of might {unknown}
Comestibles
 f - a ration
 k - 3 chunks of flesh


   Skills:
 - Level 2.0 Fighting
 + Level 7.2 Axes
 - Level 1.7 Throwing
 - Level 2.4 Dodging


You had 5 spell levels left.
You didn't know any spells.
Your spell library was empty.

Dungeon Overview and Level Annotations

Branches:
Dungeon (3/15)

Altars:
Nemelex Xobeh
Okawaru


Innate Abilities, Weirdness & Mutations

You cannot wear boots.
Your serpentine skin is tough. (AC +2)
You have supernaturally acute eyesight. (SInv)
Armour fits poorly on your strangely shaped body.
Your system is resistant to poisons. (rPois)
You cover ground very slowly.
You have a slow metabolism.
You can spit poison.


Message History

You barely miss the ball python.
You have got your breath back.
The bullfrog barely misses you.
The ball python bites you but does no damage.
The bullfrog barely misses you.
You hit the bullfrog.
The bullfrog is almost dead.
You slash the ball python!
You kill the ball python!
The bullfrog hits you! The bullfrog barely misses you.
Press: ? - help, Shift-Dir - straight line, f/p - bullfrog
Aim: a bullfrog (water, almost dead, poisoned)
The splash of poison hits the bullfrog.
The bullfrog looks even sicker.
You kill the bullfrog!
Your Axes skill increases to level 7!
You feel slightly more hungry.
A bullfrog comes into view.
You have got your breath back.
The bullfrog hits you.
You die...

#~~~~~~# #~~~~~~#
#~~~~~~# #~~~#~~#
#~~~~~~# #~~~~.~#
##....~# #~~~~.~#
#..[..~# #~~~#%~#
##...%## #~~%~#~#
#~~%%~~# #~~%~~~#
#~~~%~~# #~~F~~~#
#~~~~~~# #~~@~~~#
#~~~~%~# #~~~~~~#
#~~~~~~# #####~~~~~~#
#.....%# #..##.....##
#....%.###..##......#
##......##'##......##
#.......#.........#
##...............##
####.........####


You could see a bullfrog.

Vanquished Creatures
  Sigmund (D:2)
  A bullfrog (Sewer)
  6 adders
  3 river rats (Sewer)
  A worm (D:3)
  A dart slug (D:1)
  4 bats
  2 giant cockroaches (D:3)
  5 goblins (D:1)
  2 hobgoblins (D:1)
  3 kobolds
  11 ball pythons
  4 frilled lizards
  27 rats
71 creatures vanquished.

Notes
Turn   | Place    | Note
-------+----------+-------------------------------------------
     0 | D:1      | Duffy the Naga Gladiator began the quest for the Orb.
     0 | D:1      | Reached XP level 1. HP: 19/19 MP: 1/1
    40 | D:1      | Reached XP level 2. HP: 26/26 MP: 2/2
   273 | D:1      | Found a sparkling altar of Nemelex Xobeh.
   774 | D:1      | Reached skill level 4 in Axes
  1014 | D:2      | Noticed Sigmund
  1030 | D:2      | Killed Sigmund
  1030 | D:2      | Reached skill level 6 in Axes
  1030 | D:2      | Reached XP level 3. HP: 28/32 MP: 3/3
  1030 | D:2      | Reached XP level 4. HP: 35/39 MP: 4/4
  1030 | D:2      | Reached XP level 5. HP: 40/45 MP: 5/5
  1152 | D:3      | Found an iron altar of Okawaru.
  1172 | D:3      | Found a glowing drain.
  1203 | Sewer    | Entered a sewer
  1616 | Sewer    | Reached XP level 6. HP: 36/52 MP: 6/6
  2060 | Sewer    | HP: 2/52 [bullfrog (8)]
  2061 | Sewer    | Reached skill level 7 in Axes
  2063 | Sewer    | Slain by a bullfrog

Levels and vault maps discovered:
D:1:      matt_arrival_los_fun, layout_loops_corners,
          nemelex_xobeh_ov_fountains_minmay
D:2:      layout_basic, grunt_temple_overflow_holy_war, first_ration,
          uniq_sigmund, uniq_robin
D:3:      layout_basic, lemuel_crystal_altar, cheibrodos_sewer_entry_drain,
          minmay_misc_feat_columns, lemuel_angel_altar
Sewer:    sewer_minmay_w

Skill      XL: |  1  2  3  4  5  6 |
---------------+-------------------+-----
Axes           | 6 7 |  7.2
Fighting       | |  2.0
Throwing       | |  1.7
Dodging        | |  2.4

Action                   |  1- 3 |  4- 6 || total
-------------------------+-------+-------++-------
Melee: War axe           |    45 |    85 ||   130
 Abil: Spit Poison       |     4 |    15 ||    19
  Eat: Chunk             |       |     3 ||     3
Armor: Leather armour    |    25 |    40 ||    65
Dodge: Dodged            |    40 |    67 ||   107

Table legend:
 A = Non-vault XP
 B = Vault XP
 C = Vault XP percentage of total XP
 D = Non-vault monster count
 E = Vault monster count
 F = Vault count percentage of total count
                 A         B        C        D         E       F
            +---------+---------+-------+---------+---------+-------
      Total |      45 |     466 |  91.2 |      21 |      50 |  70.4
            +---------+---------+-------+---------+---------+-------
        D:1 |      29 |       0 |   0.0 |      17 |       0 |   0.0
        D:2 |       2 |     220 |  99.1 |       2 |       1 |  33.3
        D:3 |      14 |       9 |  39.1 |       2 |       3 |  60.0
      Sewer |       0 |     237 | 100.0 |       0 |      46 | 100.0
            +---------+---------+-------+---------+---------+-------
